AoeStats
← N_ANI

Black Forest

508960624Analyzed
4v4 RM · 6d ago on Sep 24, 2026· 45m 34s· 8 players
Game mode
Random Map
Map size
Large (8 player)
Population
200
Speed
Normal
Resources
Standard
Victory
Conquest
Starting age
Dark Age
Ending age
Imperial Age
RankedLock teamsTeams togetherTeam positionsShared explorationLock speedFull tech treeHidden civsTurbo modeCheats
Victory
Defeat
🇨🇾 Danes · Cyprus
1464
+15
🇳🇱 Gurjaras · Netherlands
1408
+17
🇨🇳 Danes · China
1398
+18
🇩🇪 Persians · Germany
1397
+18
🇨🇴 Spanish · Colombia
1483
-19
🇬🇧 Mongols · United Kingdom
1444
-17
🇲🇽 Maya · Mexico
1430
-17
🇮🇳 Georgians · India
1384
-15
Niccals_
0:39 Loom
11:30 Feudal Age
12:13 Double-Bit Axe
12:10 Fishing Lines
16:10 Wheelbarrow
22:45 Castle Age
20:56 Gold Mining
20:58 Stone Mining
26:49 Imperial Age
25:45 Fletching
25:54 Gillnets
26:42 Bow Saw
26:30 Bodkin Arrow
29:16 Bracer
29:17 Padded Archer Armor
30:18 Chemistry
29:09 Heated Shot
29:48 Ballistics
29:52 Conscription
29:47 Crossbowman
30:35 Thumb Ring
31:27 Leather Archer Armor
30:52 Arbalester
37:10 Onager
37:34 Treadmill Crane
38:04 Masonry
39:28 Stone Shaft Mining
39:13 Hand Cart
41:13 Architecture
juand400
2:25 Loom
11:10 Feudal Age
13:23 Town Watch
14:06 Horse Collar
14:13 Double-Bit Axe
16:01 Wheelbarrow
21:30 Castle Age
20:04 Stone Mining
20:13 Gold Mining
21:18 Bloodlines
26:17 Padded Archer Armor
29:12 Leather Archer Armor
33:05 Hand Cart
35:29 Bow Saw
38:53 Imperial Age
38:47 Fletching
40:47 Elite Conquistador
41:49 Conscription
42:53 Ring Archer Armor
42:19 Bodkin Arrow
42:37 Masonry
43:29 Chemistry
44:27 Two-Man Saw
43:29 Heavy Plow
FreakinGorkha
12:14 Feudal Age
13:54 Loom
17:09 Castle Age
15:08 Double-Bit Axe
15:39 Scale Barding Armor
16:54 Bloodlines
21:24 Bow Saw
23:15 Chain Barding Armor
24:14 Demolition Ship
25:57 Fishing Lines
25:57 Fishing Lines
26:32 Horse Collar
27:30 Gold Mining
28:56 Wheelbarrow
29:35 Heavy Plow
30:41 Stone Mining
34:04 Imperial Age
32:25 Stone Shaft Mining
31:53 Scale Mail Armor
31:31 Pikeman
31:54 Treadmill Crane
33:50 Chain Mail Armor
33:46 Forging
33:39 Squires
33:25 Arson
35:45 Chemistry
35:18 Plate Mail Armor
34:10 Halberdier
35:11 Hand Cart
36:14 Iron Casting
36:16 Guard Tower
36:48 Ballistics
36:24 Murder Holes
36:15 Arrowslits
36:41 Masonry
36:37 Siege Engineers
37:20 Coinage
37:45 Fletching
38:56 Blast Furnace
38:36 Svan Towers
38:30 Bodkin Arrow
39:45 Banking
40:46 Bracer
41:19 Architecture
41:25 Keep
41:25 Architecture
42:04 Conscription
Lugal
8:58 Feudal Age
9:05 Man-at-Arms
9:48 Double-Bit Axe
14:56 Horse Collar
16:10 Loom
17:33 Wheelbarrow
21:50 Castle Age
20:14 Fletching
22:41 Bow Saw
23:35 Bodkin Arrow
25:31 Gold Mining
33:29 Husbandry
37:57 Imperial Age
36:40 Padded Archer Armor
38:40 Gold Shaft Mining
38:52 Bracer
40:13 Chemistry
39:34 Ballistics
39:58 Conscription
40:04 Drill
40:43 Conscription
40:26 Nomads
40:58 Onager
43:21 Conscription
43:03 Nomads
Darealown
6:40 Loom
11:21 Feudal Age
15:18 Castle Age
13:40 Fishing Lines
13:58 Double-Bit Axe
16:36 Bow Saw
17:45 Scale Barding Armor
18:54 Horse Collar
21:09 Heavy Plow
23:47 Stone Mining
23:48 Gold Mining
25:38 Gillnets
26:11 Caravan
29:14 Wheelbarrow
30:05 Hand Cart
31:25 Stone Shaft Mining
31:51 Chain Barding Armor
31:41 Forging
34:30 Iron Casting
37:46 Imperial Age
36:04 Gold Shaft Mining
37:31 Elite War Elephant
38:36 Conscription
38:59 Plate Barding Armor
39:25 Blast Furnace
39:28 Two-Man Saw
39:02 Crop Rotation
43:08 Hoardings
VesperalCamp546
7:45 Loom
10:51 Feudal Age
14:53 Castle Age
12:41 Double-Bit Axe
12:55 Horse Collar
15:52 Bow Saw
24:06 Wheelbarrow
24:11 Heavy Plow
24:03 Gold Mining
24:04 Stone Mining
28:54 Imperial Age
27:22 Scale Mail Armor
27:33 Forging
28:04 Hand Cart
29:12 Kshatriyas
29:20 Siege Elephant
29:59 Elite Chakram Thrower
31:49 Chain Mail Armor
32:13 Iron Casting
32:20 Gold Shaft Mining
33:10 Plate Mail Armor
37:52 Caravan
Paxihs aoe2rms.com
0:32 Loom
12:11 Feudal Age
14:13 Fletching
18:32 Double-Bit Axe
22:17 Castle Age
20:44 Double-Bit Axe
20:40 Horse Collar
24:53 Stone Mining
25:08 Elite Skirmisher
27:35 Fishing Lines
31:56 Imperial Age
30:37 Bow Saw
30:37 Heavy Plow
31:38 Scale Mail Armor
31:36 Gillnets
32:40 Chain Mail Armor
33:07 Conscription
33:31 Forging
34:03 Plate Mail Armor
34:31 Wheelbarrow
34:29 Forging
34:47 Gambesons
35:02 Squires
34:48 Arson
34:35 Pikeman
35:22 Elite Varangian Guard
36:30 Hamask
37:49 Gold Mining
37:43 Halberdier
39:10 Iron Casting
39:24 Onager
41:02 Siege Engineers
42:03 Gold Shaft Mining
42:22 Town Watch
43:54 Chemistry
43:05 Masonry
44:53 Blast Furnace
45:03 Northmen's Fury
46:20 Hand Cart
N_ANI
2:00 Loom
6:25 Loom
8:42 Feudal Age
9:21 Double-Bit Axe
19:21 Castle Age
17:55 Horse Collar
18:51 Town Watch
20:15 Bow Saw
21:17 Wheelbarrow
21:54 Heavy Plow
24:22 Hand Cart
25:14 Gold Mining
25:14 Stone Mining
31:18 Imperial Age
29:10 Fletching
31:14 Scale Mail Armor
31:25 Forging
31:33 Onager
32:39 Ballistics
33:21 Gold Shaft Mining
33:22 Stone Shaft Mining
33:50 Chain Mail Armor
34:10 Iron Casting
34:44 Caravan
35:14 Coinage
35:47 Block Printing
35:52 Sanctity
35:45 Redemption
35:46 Fervor
36:56 Chemistry
36:28 Siege Onager
39:19 Siege Engineers
39:25 Masonry
39:47 Conscription
40:53 Plate Mail Armor
40:47 Squires
40:07 Elite Varangian Guard
40:34 Arson
40:35 Hamask
40:42 Northmen's Fury
42:00 Hoardings
45:12 Coinage
Connection lost

Rejoining the realm…

Still unreachable

The connection could not be restored.

Session expired

The server has moved on; the page needs a fresh start.